 Dungeon Crawl Stone Soup version 0.27-a0-1158-gaa87e14f67 (webtiles) character file.

Game seed: 886360287072242710

72 silly the Skirmisher (level 4, 49/49 HPs)
             Began as an Ogre Fighter on May 16, 2021.
             Quit the game on level 2 of the Dungeon.
             The game lasted 00:04:33 (1678 turns).

silly the Skirmisher (Ogre Fighter)                 Turns: 1678, Time: 00:04:34

Health: 49/49      AC:  3    Str: 21    XL:     4   Next: 25%
Magic:  4/4        EV:  8    Int:  9    God:
Gold:   22         SH:  8    Dex:  8    Spells: 3/3 levels left

rFire    . . .     SeeInvis .   a - +0 war axe
rCold    . . .     Faith    .   c - +0 kite shield
rNeg     . . .     Spirit   .   b - +0 robe
rPois    .         Reflect  .   (helmet restricted)
rElec    .         Harm     .   (no cloak)
rCorr    .         Rampage  .   (gloves unavailable)
Will     .....                  (boots unavailable)
Stlth    +.........             (no amulet)
HPRegen  0.16/turn              (no ring)
MPRegen  0.09/turn              (no ring)

@: no status effects
A: large, unfitting armour, tough skin 1
a: no special abilities


You were on level 2 of the Dungeon.
You visited 1 branch of the dungeon, and saw 2 of its levels.

You collected 22 gold pieces.

Inventory:

Hand Weapons
 a - a +0 war axe (weapon)
Missiles
 g - 35 stones (quivered)
Armour
 b - a +0 robe (worn)
 c - a +0 kite shield (worn)
Scrolls
 f - a scroll of acquirement {unknown}
 h - a scroll of noise {unknown}
Potions
 d - a potion of might


   Skills:
 + Level 4.6 Fighting
 * Level 3.1 Axes
 + Level 3.1 Dodging
 + Level 3.1 Shields


You had 3 spell levels left.
You didn't know any spells.
Your spell library was empty.

Dungeon Overview and Level Annotations

Branches:
Dungeon (2/15)

Altars:


Innate Abilities, Weirdness & Mutations

You are too large for most types of armour.
You have tough skin. (AC +1)


Message History

The water moccasin zombie bites you.
* * * LOW HITPOINT WARNING * * *
Sorry, you're not good enough to have a special ability.
Unknown command.
You feel very mighty all of a sudden.
You block the water moccasin zombie's attack.
You closely miss the water moccasin zombie.
The water moccasin zombie is heavily damaged.
The water moccasin zombie bites you.
* * * LOW HITPOINT WARNING * * *
You block the water moccasin zombie's attack.
You barely miss the water moccasin zombie.
The water moccasin zombie is heavily damaged.
The water moccasin zombie bites you.
* * * LOW HITPOINT WARNING * * *
The water moccasin zombie bites you but does no damage.
You slash the water moccasin zombie!
The water moccasin zombie is severely damaged.
The water moccasin zombie bites you.
* * * LOW HITPOINT WARNING * * *
You block the water moccasin zombie's attack.
You slice the water moccasin zombie!!
You destroy the water moccasin zombie!
Your Axes skill increases to level 3!
Your Dodging skill increases to level 3!
Your Shields skill increases to level 3!
You have reached level 3!
Your experience leads to an increase in your attributes!
Increase (S)trength, (I)ntelligence, or (D)exterity?
You feel stronger. x2
You have reached level 4!
You feel a little less mighty now.
A dart slug comes into view.
You hit the dart slug.
The dart slug is lightly wounded.
The dart slug closely misses you.
The dart slug bites you but does no damage.
You slash the dart slug!
You kill the dart slug!
Are you sure you want to abandon this character and quit the game? (Confirm with "yes".)

##### #...# #.#.#
######## #.#.#
#.......
#.#.#######.#####.
#.#...............
##.##........####..
#.@.###.###### #..
#.#.# #.# #.# #. .#
#.# #<# .. .. #.#
#.# #.# #.##.# #.#
.. ..### #.# ..#
#.. #.# ## ## #.#
..#


There were no monsters in sight!

Vanquished Creatures
  A water moccasin zombie (D:2)
  A dart slug (D:2)
  An endoplasm (D:1)
  2 goblins (D:1)
  4 hobgoblins
  A quokka (D:1)
  A ball python (D:1)
  2 bats (D:1)
  A frilled lizard (D:1)
  A kobold (D:1)
  A rat (D:1)
16 creatures vanquished.

Notes
Turn   | Place    | Note
-------+----------+-------------------------------------------
     0 | D:1      | silly the Ogre Fighter began the quest for the Orb.
     0 | D:1      | Reached XP level 1. HP: 24/24 MP: 1/1
   546 | D:1      | Found a faded altar of an unknown god.
   549 | D:1      | Reached XP level 2. HP: 32/32 MP: 2/2
  1369 | D:2      | HP: 1/32 [water moccasin zombie (4)]
  1371 | D:2      | Reached XP level 3. HP: 2/40 MP: 3/3
  1371 | D:2      | Reached XP level 4. HP: 2/49 MP: 4/4
  1678 | D:2      | Quit the game

Illustrated notes

Levels and vault maps discovered:
D:1:      eino_arrival_druids_welcome, layout_basic, basic_ecumenical_altar
D:2:      minmay_general_purpose_star, layout_loops_ring, grunt_ministairs_5,
          lexackson_kobold_supper, uniq_crazy_yiuf_cottage

Skill      XL: |  1  2 |
---------------+-------+-----
Axes           | 3 |  3.1
Dodging        | 3 |  3.1
Shields        | 3 |  3.1
Fighting       | |  4.6

Action                   |  1- 3 |  4- 6 || total
-------------------------+-------+-------++-------
Melee: War axe           |    41 |     2 ||    43
  Use: Scroll            |     1 |       ||     1
       Potion            |     1 |       ||     1
Armor: Robe              |    15 |     1 ||    16
Dodge: Dodged            |     9 |     1 ||    10
Block: Kite shield       |    18 |       ||    18

Table legend: (Time is in decaauts)
 A = Elapsed time spent in this place.
 B = Non-inter-level travel time spent in this place.
 C = Inter-level travel time spent in this place.
 D = Time resting spent in this place.
 E = Time spent auto-exploring this place.
 F = Levels seen in this place.
 G = Mean time per level.
                   A        B        C        D        E       F      G
               +--------+--------+--------+--------+--------+-----+--------+
         Total |   1703 |   1681 |     22 |    342 |   1034 |   2 |  851.5 |
       Dungeon |   1703 |   1681 |     22 |    342 |   1034 |   2 |  851.5 |
               +--------+--------+--------+--------+--------+-----+--------+

Top non-repeatable levels by time:
     D:1: 1290 daAuts
     D:2: 413 daAuts
